Map: Kairos Junction LE

Players

Fighter - Winner!

  • Race: Zerg Zerg
  • League: Platinum
  • Spawn Location: 5:00

Epoc

  • Race: Protoss Protoss
  • League: Master
  • Spawn Location: 11:00

VOD

Have the link to the VOD?

Description

I'm the zerg player

Time

  • Played on: Dec. 8, 2018, 2:14 p.m.
  • Length: 9:21
Show
View Real Time Build Order
Export as new Build Order

Fighter Zerg - Winner!

Build Orders: Hatch First 

Get SALT Encoding   

  12  0:01  Drone  
  13  0:12  Overlord  
  13  0:17  Drone  
  14  0:31  Drone  
  15  0:46  Hatchery  
  14  0:50  Drone  
  14  0:53  Drone  
  16  0:57  Drone  
  16  1:01  Extractor  
  16  1:03  Drone  
  17  1:18  Spawning Pool  
  16  1:21  Drone  
  18  1:25  Drone  
  18  1:33  Drone  
  19  1:51  Overlord  
  19  2:04  Drone x2  
  21  2:08  Queen x2  
  25  2:20  Zergling x8  
  29  2:31  Metabolic Boost  
  29  2:52  Zergling x6  
  29  2:53  Zergling x2  
  33  3:11  Drone  
  33  3:12  Drone x2  
  36  3:35  Overlord  
  36  3:45  Hatchery  
  35  3:48  Overlord  
  31  4:20  Drone  
  31  4:21  Drone x13  
  44  4:34  Drone  
  44  4:35  Overlord x2  
  45  4:43  Zergling x2  
  45  4:44  Zergling x8  
  48  5:20  Zergling x2  
  48  5:21  Zergling x28  
  58  5:39  Overlord x3  
  58  5:40  Drone  
  58  5:41  Drone x4  
  62  5:50  Extractor, Queen  
  62  5:51  Extractor, Queen  
  62  5:52  Roach Warren  
  62  5:53  Extractor  
  62  5:55  Overlord  
  62  5:56  Overlord x4  
  49  6:24  Drone x4  
  49  6:25  Drone x5  
  56  6:38  Overlord  
  56  6:41  Lair  
  56  6:56  Roach x9  
  56  6:57  Roach x2  
  78  7:12  Zergling x2  
  78  7:13  Zergling x14  
  86  7:25  Roach  
  86  7:26  Roach x8  
  104  7:36  Roach  
  112  7:37  Roach x4  
  112  7:42  Glial Reconstitution  
  114  7:50  Zergling x2  
  114  7:51  Zergling x12  
  121  7:54  Overlord x4  
  121  7:57  Ravager x2  
  123  8:02  Zergling x4  
  125  8:09  Ravager  
  125  8:12  Ravager  
  127  8:13  Zergling x2  
  127  8:14  Zergling x8  
  132  8:20  Overseer x2  
  132  8:34  Roach  
  132  8:35  Roach x6  
  146  8:43  Evolution Chamber x2  
Show
View Real Time Build Order
Export as new Build Order

Epoc Protoss 

Build Orders:  

Get SALT Encoding   

  12  0:01  Probe  
  13  0:18  Pylon  
  13  0:20  Probe  
  14  0:32  Probe  
  15  0:39  Gateway  
  15  0:44  Assimilator  
  15  0:48  Assimilator  
  15  0:50  Probe  
  16  1:02  Probe  
  17  1:11  Probe  
  17  1:15  Pylon  
  18  1:19  Probe  
  19  1:28  Probe  
  19  1:31  Cybernetics Core  
  20  1:40  Probe  
  21  1:53  Probe  
  22  2:07  Robotics Facility  
  22  2:11  Robotics Facility  
  22  2:18  Adept  
  22  2:22  Probe  
  25  2:32  Pylon  
  25  2:40  Pylon  
  25  3:24  Sentry  
  24  3:27  Pylon  
  24  3:29  Warp Gate  
  26  3:46  Robotics Facility x2  
  26  3:47  Adept  
  26  3:48  Pylon  
  24  4:25  Stalker  
  24  4:31  Pylon  
  24  4:36  Immortal x2  
  30  4:40  Pylon  
  30  4:42  Pylon  
  26  5:05  Stalker  
  26  5:32  Immortal  
  30  5:36  Probe  
  31  5:44  Probe  
  31  5:48  Pylon  
  32  5:54  Probe, Adept  
  35  6:06  Probe  
  34  6:15  Adept  
  34  6:16  Immortal  
  32  6:27  Pylon  
  36  6:37  Shield Battery  
  36  6:45  Adept  
  38  6:50  Probe  
  39  7:02  Probe, Gateway  
  39  7:07  Gateway  
  40  7:20  Observer  
  40  7:21  Adept  
  43  7:37  Warp Prism  
  45  8:02  Sentry, Adept x2  
  51  8:37  Stalker x2  
  51  8:38  Stalker  
  35  9:04  Stalker  
  35  9:06  Stalker x2  
Tags
 
Add a new tag
Caveats
  • Supply blocks, unpowered buildings, or Contaminate may cause inaccurate times.
  • Supply counts are checked every 10 seconds.